AoeStats
← ELKUNN

Arabia

510351235Analyzed
1v1 RM · 2d ago on Sep 30, 2026· 43m 21s· 2 players
Game mode
Random Map
Map size
Tiny (2 player)
Population
200
Speed
Normal
Resources
Standard
Victory
Conquest
Starting age
Dark Age
Ending age
Imperial Age
RankedLock teamsTeams togetherTeam positionsShared explorationLock speedFull tech treeHidden civsTurbo modeCheats
Victory
Defeat
🇦🇷 Franks · Argentina
774
+15
🇫🇷 Teutons · France
762
-15
sorgini
10:54 Feudal Age
11:42 Double-Bit Axe
11:41 Horse Collar
20:50 Castle Age
28:50 Pikeman
34:18 Forging
34:38 Gambesons
34:54 Squires
42:14 Imperial Age
ELKUNN
8:27 Loom
10:31 Feudal Age
12:36 Double-Bit Axe
17:46 Scale Barding Armor
21:39 Castle Age
19:55 Town Watch
25:23 Husbandry
25:36 Forging
25:47 Chain Barding Armor
25:20 Fletching
28:12 Bow Saw
28:24 Town Patrol
29:20 Elite Skirmisher
31:11 Iron Casting
30:33 Bodkin Arrow
36:57 Imperial Age
38:03 Ballistics
38:43 Chemistry
Connection lost

Rejoining the realm…

Still unreachable

The connection could not be restored.

Session expired

The server has moved on; the page needs a fresh start.